AoeStats
← Death_Rider

Black Forest

509105275Analyzed
2v2 RM · 8d ago on Sep 25, 2026· 64m 12s· 4 players
Game mode
Random Map
Map size
Medium (4 player)
Population
200
Speed
Normal
Resources
Standard
Victory
Conquest
Starting age
Dark Age
Ending age
Imperial Age
RankedLock teamsTeams togetherTeam positionsShared explorationLock speedFull tech treeHidden civsTurbo modeCheats
Victory
Defeat
🇪🇸 Persians · Spain
960
+17
🇩🇪 Portuguese · Germany
914
+19
🇪🇪 Dravidians · Estonia
1029
-20
🇦🇺 Gurjaras · Australia
923
-16
MON
0:35 Loom
13:17 Feudal Age
17:46 Castle Age
16:53 Double-Bit Axe
17:54 Horse Collar
18:16 Stone Mining
19:00 Bow Saw
22:43 Heavy Plow
26:35 Wheelbarrow
29:58 Kamandaran
29:43 Elite Skirmisher
30:23 Pikeman
34:19 Imperial Age
32:03 Crossbowman
34:25 Ballistics
36:43 Thumb Ring
38:02 Fletching
38:23 Forging
38:14 Padded Archer Armor
38:19 Scale Barding Armor
40:06 Husbandry
40:16 Bloodlines
39:30 Cavalier
41:57 Elite War Elephant
42:51 Citadels
44:41 Chemistry
44:58 Two-Man Saw
44:30 Crop Rotation
44:18 Hand Cart
43:48 Town Watch
46:14 Savar
47:03 Murder Holes
49:54 Iron Casting
56:33 Blast Furnace
55:29 Bodkin Arrow
55:55 Chain Barding Armor
55:51 Leather Archer Armor
Death_Rider
5:31 Loom
9:57 Feudal Age
10:22 Double-Bit Axe
10:38 Horse Collar
18:59 Castle Age
17:18 Gold Mining
17:54 Stone Mining
19:58 Caravan
23:46 Wheelbarrow
22:58 Town Watch
24:04 Bow Saw
25:58 Heavy Plow
30:32 Imperial Age
28:43 Forging
28:34 Scale Mail Armor
28:18 Pikeman
30:17 Iron Casting
30:48 Ballistics
31:39 Fletching
32:08 Chain Mail Armor
32:53 Conscription
33:31 Bodkin Arrow
34:07 Town Patrol
34:22 Hand Cart
36:06 Chemistry
40:42 Circumnavigation
41:34 Arquebus
42:16 Stone Shaft Mining
43:10 Two-Man Saw
43:34 Hand Cart
43:01 Elite Skirmisher
43:46 Thumb Ring
43:48 Bracer
43:49 Padded Archer Armor
43:49 Halberdier
46:27 Leather Archer Armor
47:13 Blast Furnace
45:40 Cavalier
46:20 Husbandry
46:31 Bloodlines
47:46 Scale Barding Armor
48:12 Ring Archer Armor
53:33 Crop Rotation
52:32 Onager
56:13 Chain Barding Armor
56:23 Plate Mail Armor
56:07 Fortified Wall
55:38 Treadmill Crane
56:09 Masonry
57:20 Plate Barding Armor
57:20 Siege Engineers
57:55 Coinage
58:22 Arson
58:05 Light Cavalry
59:45 Banking
Myrakaru
0:27 Loom
11:43 Feudal Age
12:36 Horse Collar
13:27 Double-Bit Axe
22:06 Castle Age
20:11 Fletching
20:58 Padded Archer Armor
20:54 Gold Mining
22:04 Wheelbarrow
23:21 Heavy Plow
23:32 Thumb Ring
24:55 Ballistics
24:57 Bodkin Arrow
31:53 Imperial Age
31:28 Hand Cart
32:31 Leather Archer Armor
33:55 Bracer
34:26 Ring Archer Armor
36:28 Medical Corps
38:58 Medical Corps
39:14 Conscription
39:58 Chemistry
38:26 Elite Skirmisher
39:52 Husbandry
39:13 Light Cavalry
40:02 Scale Barding Armor
40:08 Forging
40:10 Bow Saw
40:02 Pikeman
40:43 Squires
49:29 Halberdier
53:14 Caravan
54:58 Two-Man Saw
56:32 Stone Mining
Blayx
12:03 Feudal Age
10:54 Loom
14:15 Wheelbarrow
18:36 Double-Bit Axe
21:59 Castle Age
21:35 Scale Barding Armor
22:24 Horse Collar
25:03 Bow Saw
28:22 Husbandry
30:07 Scale Mail Armor
31:00 Hand Cart
33:41 Heavy Plow
37:14 Imperial Age
36:04 Heated Shot
36:47 Chain Barding Armor
36:43 Chain Mail Armor
38:01 Ballistics
37:56 Fortified Wall
37:30 Light Cavalry
38:21 Bloodlines
37:52 Heavy Camel Rider
40:23 Chemistry
40:20 Caravan
41:01 Coinage
41:13 Gold Mining
42:04 Elite Shrivamsha Rider
47:05 Elite Chakram Thrower
47:24 Hussar
55:46 Arson
61:32 Elite Skirmisher
Connection lost

Rejoining the realm…

Still unreachable

The connection could not be restored.

Session expired

The server has moved on; the page needs a fresh start.